 Dungeon Sprint DCSS version 0.29.1-2-gbd0b4ee654 (webtiles) character file.

Game seed: 10990863669625115986

377 Ihaveafatcat the Cleaver (level 6, -5/61 HPs)
             Began as a Hill Orc Fighter on Nov 21, 2022.
             Was an Initiate of Gozag.
             Slain by a wight
             ... wielding a +0 halberd
              (12 damage)
             ... in the Dungeon (Sprint IX: "|||||||||||||||||||||||||||||").
             The game lasted 00:01:01 (346 turns).

Ihaveafatcat the Cleaver (Hill Orc Fighter)          Turns: 346, Time: 00:01:02

Health: -5/61      AC:  8    Str: 21    XL:     6   Next: 73%
Magic:  6/6        EV: 10    Int:  8    God:    Gozag
Gold:   0          SH:  5    Dex: 10    Spells: 5/5 levels left

rFire   . . .      SeeInvis .   a - +0 war axe
rCold   . . .      Faith    .   c - +0 buckler
rNeg    . . .      Spirit   .   b - +0 scale mail
rPois   .          Reflect  .   (no helmet)
rElec   .          Harm     .   (no cloak)
rCorr   .          Rampage  .   (no gloves)
Will    .....      NoTele   +   (no boots)
Stlth   ..........              (no amulet)
HPRegen 0.20/turn               (no ring)
MPRegen 0.10/turn               (no ring)

@: mighty, gold aura
A: no striking features
a: Renounce Religion, Potion Petition, Call Merchant, Bribe Branch


You were in the Dungeon.
You worshipped Gozag.
Gozag was noncommittal.
You visited 1 branch

Inventory:

Hand Weapons
 a - a +0 war axe (weapon)
Armour
 b - a +0 scale mail (worn)
 c - a +0 buckler (worn)
Jewellery
 n - a +3 ring of strength
 o - a +2 ring of protection
Wands
 m - a wand of quicksilver (10)
Scrolls
 j - 2 scrolls of blinking
 l - 2 scrolls of amnesia
Potions
 e - 5 potions of curing
 f - a potion of heal wounds
 g - a potion of haste
 h - 4 potions of magic
 i - a potion of berserk rage
 k - a potion of invisibility


   Skills:
 + Level 8.1 Fighting
 + Level 10.0 Axes
 + Level 8.8 Armour
 + Level 2.8 Dodging
 + Level 7.2 Shields


You had 5 spell levels left.
You didn't know any spells.
Your spell library was empty.

Dungeon Overview and Level Annotations

Branches:
Dungeon (1/1)

Altars:
Cheibriados
Dithmenos
Elyvilon
Fedhas
Gozag
Hepliaklqana
Kikubaaqudgha
Makhleb
Nemelex Xobeh
Okawaru
Qazlal
Ru
Sif Muna
Trog
Uskayaw
Vehumet
Wu Jian
Xom
Yredelemnul
Zin
The Shining One
Beogh
Jiyva
Lugonu


Message History

The howler monkey hits you but does no damage. x2
You slash the howler monkey!
You kill the howler monkey!
Your Axes skill increases to level 8!
You have reached level 6!
You barely miss the yak. The yak gores you!
You slash the yak!
The yak is moderately wounded.
The yak gores you.
You hit the yak.
The yak is heavily wounded.
The yak is distracted by your dazzling golden aura.
You completely miss the yak.
The yak is no longer distracted by gold.
The yak is heavily wounded.
The yak closely misses you.
You slice the yak!!
You kill the yak!
The steam dragon breathes steam at you. The ball of steam hits you.
The steam dragon breathes steam at you. The ball of steam hits you.
Your Fighting skill increases to level 8!
Your Axes skill gained 2 levels and is now at level 10!
Your Armour skill increases to level 8!
Your Shields skill increases to level 7!
No reachable target in view!
You are engulfed in a cloud of scalding steam.
The steam dragon bites you! The steam dragon claws you.
The wight hits you from afar with a +0 halberd!
* * * LOW HITPOINT WARNING * * *
Things that are here:
279 gold pieces; a +0 plate armour You are too injured to fight recklessly!
You slash the steam dragon!
The steam dragon is moderately wounded.
You are engulfed in a cloud of scalding steam.
The wight hits you from afar with a +0 halberd!
You die...
Your body crumbles into a pile of gold.

▓.▓
$
▓.▓
$ $
▓.▓
$
▓.▓
$ $
▓.▓
$
▓D▓
$
▓z▓
▓D▓
$
▓@▓
▓§▓
$
▓§▓
▓§▓
$
▓)▓
$
▓.▓
$
▓.▓
$
▓'▓
$
▓_▓


You could see a steam dragon, an acid dragon and a wight.

Vanquished Creatures
  A yak (D)
  A black bear (D)
  A killer bee (D)
  A howler monkey (D)
  An iguana (D)
  2 gnolls (D)
  An orc (D)
  2 hobgoblins (D)
  2 kobolds (D)
  A rat (D)
13 creatures vanquished.

Notes
Turn   | Place    | Note
-------+----------+-------------------------------------------
     0 | D        | Ihaveafatcat the Hill Orc Fighter began the quest for the
                  | Orb.
     0 | D        | Reached XP level 1. HP: 19/19 MP: 1/1
    25 | D        | Reached skill level 3 in Axes
    98 | D        | Noticed an iguana
    98 | D        | Noticed a black bear
   105 | D        | Killed a black bear
   106 | D        | Reached skill level 5 in Axes
   106 | D        | Reached skill level 1 in Dodging
   106 | D        | Reached skill level 5 in Shields
   106 | D        | Reached XP level 2. HP: 18/31 MP: 2/2
   106 | D        | Reached XP level 3. HP: 22/38 MP: 3/3
   106 | D        | Reached XP level 4. HP: 27/45 MP: 4/4
   115 | D        | Reached XP level 5. HP: 23/51 MP: 5/5
   117 | D        | Reached skill level 6 in Axes
   280 | D        | Found a roughly hewn altar of Beogh.
   280 | D        | Found a snail-covered altar of Cheibriados.
   280 | D        | Found a shadowy altar of Dithmenos.
   280 | D        | Found a white marble altar of Elyvilon.
   280 | D        | Found a blossoming altar of Fedhas.
   280 | D        | Found an opulent altar of Gozag.
   281 | D        | Found a hazy altar of Hepliaklqana.
   282 | D        | Found a viscous altar of Jiyva.
   283 | D        | Found an ancient bone altar of Kikubaaqudgha.
   284 | D        | Found a corrupted altar of Lugonu.
   285 | D        | Found a burning altar of Makhleb.
   286 | D        | Found a sparkling altar of Nemelex Xobeh.
   287 | D        | Found an iron altar of Okawaru.
   288 | D        | Became a worshipper of Gozag Ym Sagoz the Greedy
   289 | D        | Found a stormy altar of Qazlal.
   290 | D        | Found a sacrificial altar of Ru.
   291 | D        | Found a shimmering blue altar of Sif Muna.
   292 | D        | Found a bloodstained altar of Trog.
   293 | D        | Found a hide-covered altar of Uskayaw.
   294 | D        | Found a radiant altar of Vehumet.
   295 | D        | Found an ornate altar of the Wu Jian Council.
   296 | D        | Found a shimmering altar of Xom.
   297 | D        | Found a basalt altar of Yredelemnul.
   298 | D        | Found a glowing silver altar of Zin.
   299 | D        | Found a glowing golden altar of the Shining One.
   323 | D        | Noticed an acid dragon
   323 | D        | Noticed a steam dragon
   323 | D        | Noticed a yak
   334 | D        | Reached skill level 7 in Axes
   340 | D        | Reached skill level 8 in Axes
   340 | D        | Reached XP level 6. HP: 57/60 MP: 6/6
   344 | D        | Killed a yak
   345 | D        | Reached skill level 10 in Axes
   346 | D        | Slain by a wight

Illustrated notes

Levels and vault maps discovered:
D:        linesprint [early_d, line_temple, items_1, d_10, items_2, lair_1,
          lair_end, items_3, orc_1, orc_end, items_4, d_15, swamp_1, shoals_1,
          snake_1, spider_1, d_20, vaults_1, items_5, swamp_end, shoals_end,
          snake_end, spider_end, vaults_end, d_27, items_6, zot_1, zot_end,
          crypt_end, forest_end, elf_end, slime_end, tomb_end, abyss_end,
          pan_hell_end]

Skill      XL: |  1  2  3  4  5  6 |
---------------+-------------------+-----
Armour         | 6 7 8 |  8.8
Fighting       | 6 7 8 |  8.1
Axes           | 5 8 10 | 10.0
Dodging        | 1 2 |  2.8
Shields        | 5 6 7 |  7.2

Action                   |  1- 3 |  4- 6 || total
-------------------------+-------+-------++-------
Melee: War axe           |    28 |    27 ||    55
  Use: Potion            |       |     3 ||     3
Armor: Scale mail        |    14 |     6 ||    20
Dodge: Dodged            |    21 |    18 ||    39
Block: Buckler           |     6 |     1 ||     7
